 Dungeon Crawl Stone Soup version 0.28-b1-1-g3c77fb2ed1 (webtiles) character file.

Game seed: 7097104042232778686

25 boopmooplesden the Covered (level 2, -1/27 HPs)
             Began as a Minotaur Fighter on Jan 28, 2022.
             Shot with a stone by a goblin (2 damage)
             ... led by Robin
             ... on level 2 of the Dungeon.
             The game lasted 00:01:19 (668 turns).

boopmooplesden the Covered (Minotaur Fighter)        Turns: 668, Time: 00:01:20

Health: -1/27      AC: 11    Str: 20    XL:     2   Next: 82%
Magic:  1/1        EV:  5    Int:  5    God:
Gold:   36         SH:  4    Dex:  9    Spells: 1/1 levels left

rFire   . . .      SeeInvis .   a - +0 flail
rCold   . . .      Faith    .   c - +0 buckler
rNeg    . . .      Spirit   .   i - +0 plate armour
rPois   .          Reflect  .   (helmet restricted)
rElec   .          Harm     .   (no cloak)
rCorr   .          Rampage  .   (no gloves)
Will    .....                   (no boots)
Stlth   ..........              (no amulet)
HPRegen 0.09/turn               (no ring)
MPRegen 0.07/turn               (no ring)

@: attractive
A: horns 2, retaliatory headbutt
a: no special abilities


You were on level 2 of the Dungeon.
You visited 1 branch of the dungeon, and saw 2 of its levels.

You collected 36 gold pieces.

Inventory:

Hand Weapons
 a - a +0 flail (weapon)
Armour
 b - a +0 scale mail
 c - a +0 buckler (worn)
 i - a +0 plate armour (worn)
Scrolls
 e - a scroll of teleportation
Potions
 d - a potion of might
 f - 2 potions of attraction
 g - a potion of curing {unknown}
 h - a potion of experience {unknown}


   Skills:
 + Level 4.1 Fighting
 + Level 2.7 Maces & Flails
 + Level 4.1 Armour
 + Level 0.3 Dodging
 + Level 3.8 Shields


You had one spell level left.
You didn't know any spells.
Your spell library was empty.

Dungeon Overview and Level Annotations

Branches:
Dungeon (2/15)

Altars:

Shops:
D:1 (


Innate Abilities, Weirdness & Mutations

You have a pair of horns on your head.
You reflexively headbutt those who attack you in melee.


Message History

You kill the goblin!
The dart slug launches a dart at you.
The slug dart hits you but does no damage.
The dart slug bites you but does no damage.
Items here: $ ( )))) ††.
You hit the dart slug but do no damage. The dart slug launches a dart at you.
The slug dart hits you but does no damage.
You sock the dart slug!
The dart slug is almost dead.
The dart slug misses you.
You hit the dart slug but do no damage.
The dart slug is almost dead.
You block the dart slug's attack.
You hit the dart slug.
You kill the dart slug!
You see here a dart slug corpse.
You start removing your armour.
You continue taking off your +0 scale mail. x4
You finish taking off your +0 scale mail.
You start putting on your armour.
You continue putting on your +0 plate armour.
Keep equipping yourself? [Y]es or [N]o only, please.
Keep equipping yourself?
You continue putting on your +0 plate armour. x2
The goblin unwields a +0 club.
The goblin wields a +0 hunting sling.
The goblin shoots a stone.
The stone hits you!
* * * LOW HITPOINT WARNING * * *
You continue putting on your +0 plate armour. x2
The goblin shoots a stone.
The stone hits you.
* * * LOW HITPOINT WARNING * * *
The goblin shouts!
You finish putting on your +0 plate armour.
You hear a shout!
You see here a dart slug corpse.
It was a potion of attraction.
You feel attractive to monsters.
The goblin shoots a stone.
The stone hits you.
You die...

#......# #......#
. #.# #......#..
#.# #...g..g# #.#
##.....g.# #(#
#....$...# #.#
#.......## #.#
#.###...... #.#
#@# ......
#######.### #)#
...... ..........#
#†# ......
#######.#.# #.#
..... ........#.#
#.# ....
#########.# #.#
........#.# #.#
#######.#.# #.#
...#..#.#.######.#


You could see a goblin.

Vanquished Creatures
  A dart slug (D:2)
  4 endoplasms
  4 goblins
  2 jackals (D:1)
  A ball python (D:1)
  4 bats
  A frilled lizard (D:2)
  2 kobolds
  A rat (D:1)
20 creatures vanquished.

Notes
Turn   | Place    | Note
-------+----------+-------------------------------------------
     0 | D:1      | boopmooplesden the Minotaur Fighter began the quest for the
                  | Orb.
     0 | D:1      | Reached XP level 1. HP: 19/19 MP: 0/0
    36 | D:1      | Found Byfiad's Weapon Boutique.
   212 | D:1      | Reached XP level 2. HP: 23/27 MP: 1/1
   331 | D:1      | Found a faded altar of an unknown god.
   666 | D:2      | HP: 1/27 [goblin/stone[Robin] (4)]
   668 | D:2      | Shot with a stone by a goblin

Illustrated notes

Levels and vault maps discovered:
D:1:      eino_arrival_water_star, layout_rooms, serial_shops,
          nicolae_shop_temple_entry_statues_fountains,
          ebering_ecumenical_altar_mist, minmay_misc_feat_roman, st_stairs_7
D:2:      layout_basic, basic_altar, minmay_between, uniq_robin

Skill      XL: |  1  2 |
---------------+-------+-----
Armour         | 4 |  4.1
Fighting       | 4 |  4.1
Maces & Flails | |  2.7
Dodging        | |  0.3
Shields        | |  3.8

Action                   || total
-------------------------++-------
Melee: Flail             ||    38
       Headbutt          ||     3
  Use: Scroll            ||     2
       Potion            ||     1
Armor: Scale mail        ||    34
Dodge: Dodged            ||    25
Block: Buckler           ||     8
